 Dungeon Crawl Stone Soup version 0.18.1-6-gd335043 (webtiles) character file.

12223 lightmor the Covert (level 11, 0/56 HPs)
             Began as a Spriggan Enchanter on May 15, 2016.
             Was an Initiate of Gozag.
             Slain by a yak (12 damage)
             ... while paralysed by an orc
             ... on level 11 of the Dungeon.
             The game lasted 00:42:27 (11631 turns).

lightmor the Covert (Spriggan Enchanter)           Turns: 11631, Time: 00:42:29

Health: 0/56       AC:  6    Str:  4    XL:     11   Next: 59%
Magic:  11/25      EV:  4    Int: 20    God:    Gozag
Gold:   972        SH:  0    Dex: 17    Spells: 9 memorised, 5 levels left

rFire  x . .     SeeInvis +     a - +1 dagger
rCold  + . .     Gourm    .     b - +1 robe
rNeg   . . .     Faith    .     (shield restricted)
rPois  +         Spirit   .     (helmet restricted)
rElec  .         Dismiss  .     E - +2 cloak {rPois}
rCorr  .         Reflect  .     (gloves unavailable)
SustAt .         Harm     .     (boots unavailable)
MR     +....                    (no amulet)
Stlth  ++++++....               x - ring of ice
                                N - +5 ring of evasion (curse)

@: paralysed, gold aura, repel missiles, very quick, somewhat resistant to
hostile enchantments, very stealthy
A: unfitting armour, see invisible, herbivore 3, speed 3, slow metabolism 2
a: Potion Petition, Call Merchant, Bribe Branch, Renounce Religion


You were on level 11 of the Dungeon.
You worshipped Gozag.
Gozag was noncommittal.
You were not hungry.

You visited 2 branches of the dungeon, and saw 12 of its levels.
You also visited: Sewer.

You collected 1919 gold pieces.
You spent 840 gold pieces at shops.
You paid 107 gold pieces to Gozag.

Inventory:

Hand Weapons
 a - a +1 dagger (weapon)
Armour
 b - a +1 robe (worn)
 E - a +2 cloak of poison resistance (worn)
Jewellery
 u - a +5 ring of strength
 x - a ring of ice (right hand)
 A - a +3 ring of dexterity
 D - an uncursed ring of positive energy
 I - an uncursed ring of sustain attributes
 N - a cursed +5 ring of evasion (left hand)
Wands
 i - a wand of flame (48/48)
 y - a wand of slowing (30/48)
Scrolls
 f - 10 scrolls of remove curse
 n - a scroll of fear
 o - a scroll of magic mapping
 p - a scroll of immolation {unknown}
 r - a scroll of teleportation
 t - a scroll of amnesia {unknown}
 z - a scroll of enchant armour {unknown}
 J - a scroll of summoning {unknown}
 K - a scroll of recharging
 L - a scroll of identify
 M - a scroll of brand weapon {unknown}
 O - a scroll of random uselessness {unknown}
Potions
 h - 5 potions of magic
 j - 2 potions of cancellation
 l - a potion of berserk rage
 m - a potion of agility
 q - 5 potions of haste
 s - 2 potions of might
 v - 2 potions of resistance
 w - 2 potions of heal wounds {unknown}
 B - 4 potions of curing {unknown}
 F - a potion of flight {unknown}
 P - a potion of brilliance {unknown}
Books
 c - a book of Maledictions

   Spells                             Type                      Level
   a - Corona                         Hexes                        1
   b - Ensorcelled Hibernation        Hexes/Ice                    2
   c - Confuse                        Hexes                        3
   d - Tukima's Dance                 Hexes                        3
   e - Dazzling Spray                 Conjuration/Hexes            3
 e - a book of Changes

   Spells                             Type                      Level
   a - Beastly Appendage              Transmutation                1
   b - Sticks to Snakes               Transmutation                2
   c - Spider Form                    Transmutation/Poison         3
   d - Ice Form                       Ice/Transmutation            4
   e - Blade Hands                    Transmutation                5
 k - a book of Air

   Spells                             Type                      Level
   a - Shock                          Conjuration/Air              1
   b - Swiftness                      Charms/Air                   2
   c - Repel Missiles                 Charms/Air                   2
   d - Static Discharge               Conjuration/Air              3
   e - Lightning Bolt                 Conjuration/Air              5
 C - a book of Unlife

   Spells                             Type                      Level
   a - Recall                         Summoning/Translocation      3
   b - Animate Dead                   Necromancy                   4
   c - Control Undead                 Necromancy                   4
   d - Cigotuvi's Embrace             Necromancy                   5
   e - Death Channel                  Necromancy                   6
   f - Simulacrum                     Ice/Necromancy               6
 G - a book of Minor Magic

   Spells                             Type                      Level
   a - Magic Dart                     Conjuration                  1
   b - Blink                          Translocation                2
   c - Call Imp                       Summoning                    2
   d - Repel Missiles                 Charms/Air                   2
   e - Slow                           Hexes                        2
   f - Conjure Flame                  Conjuration/Fire             3
   g - Mephitic Cloud                 Conjuration/Poison/Air       3
 H - a book of Party Tricks

   Spells                             Type                      Level
   a - Summon Butterflies             Summoning                    1
   b - Apportation                    Translocation                1
   c - Tukima's Dance                 Hexes                        3
   d - Alistair's Intoxication        Transmutation/Poison         5
   e - Invisibility                   Hexes                        6
Miscellaneous
 g - a phantom mirror
Comestibles
 d - 5 bread rations


   Skills:
 + Level 5.8 Fighting
 + Level 2.3 Short Blades
 + Level 9.4 Dodging
 + Level 12.9 Stealth
 * Level 9.7 Spellcasting
 * Level 11.9 Hexes
 - Level 7.1 Charms
 + Level 4.4 Translocations


You had 5 spell levels left.
You knew the following spells:

 Your Spells              Type           Power        Failure   Level  Hunger
a - Corona                Hex            ######.      1%          1    None
b - Ensorcelled Hibernat  Hex/Ice        ######       1%          2    None
c - Confuse               Hex            ######..     1%          3    None
d - Tukima's Dance        Hex            ######..     1%          3    None
e - Dazzling Spray        Conj/Hex       ####....     1%          3    None
f - Repel Missiles        Chrm/Air       ###...       2%          2    None
g - Swiftness             Chrm/Air       ###.....     2%          2    None
h - Blink                 Tloc           N/A          1%          2    None
i - Invisibility          Hex            ######..     12%         6    ######.


Dungeon Overview and Level Annotations

Branches:
Dungeon (11/15)            Temple (1/1) D:5            Lair (0/8) D:11
    Orc: D:9-12

Altars:
Ashenzari
Cheibriados
Dithmenos
Elyvilon
Fedhas
Gozag
Kikubaaqudgha
Makhleb
Nemelex Xobeh
Okawaru
Pakellas
Qazlal
Ru
Sif Muna
Trog
Vehumet
Xom
Yredelemnul
Zin
The Shining One
Jiyva

Shops:
D:4 :   D:5 (   D:10 :

Annotations:
D:3 ThereIsNoGod's ghost, amateur GrFi
D:10 Harold


Innate Abilities, Weirdness & Mutations

You are tiny and cannot use many weapons and most armour.
You have supernaturally acute eyesight.
You are a herbivore.
You cover ground extremely quickly.
You need consume almost no food.


Message History

Aim: a yak (chance to defeat MR: 72%)
You feel a surge of power!
The yak looks drowsy...
The yak bellows! x2
The helpless yak fails to defend itself.
You stick the yak like a pincushion!!!
You kill the yak!
The orc zaps a wand.
You suddenly lose the ability to move!
It is a wand of paralysis.
The yak barely misses you.
An iguana comes into view.
The yak is distracted by the nearby gold.
The orc barely misses you. The orc hits you with a falchion. The yak gores you!
The yak is no longer distracted by gold.
The orc hits you. The orc hits you with a falchion. The yak gores you.
The yak gores you! The orc hits you. The orc hits you with a falchion.
The yak gores you!
* * * LOW HITPOINT WARNING * * *
The yak gores you!
You die...
Your body crumbles into a pile of gold.

.................#.....
########......#.........######
..............#...)...........
..............#...............
.......$......#...............
.......$......#.[.............
.......$.....Y#.....)...######
.oo....#....YY..........#.....
.......#....o@..........#.....
.......#....o...........#.....
.......#................#.....
.......#................#.....
##############..........######
#......................
#......................
#......................
#......................


You could see 3 yaks and 2 orcs.

Vanquished Creatures
  Erica (D:9)
  The ghost of no0bjke the Cleaver, a journeyman GrBe of Trog (D:10)
  2 unseen horrors (D:10)
  A hill giant (D:10)
  An ugly thing (D:11)
  Joseph (D:10)
  Maurice (D:10)
  Psyche (D:10)
  A gargoyle (D:11)
  3 two-headed ogres
  Grinder (D:4)
  Prince Ribbit (D:5)
  A vampire (D:7)
  4 yaks
  3 hungry ghosts (D:10)
  Sigmund (D:4)
  A hippogriff (D:10)
  Duvessa (D:5)
  7 orc warriors
  3 ice beasts
  A phantom (D:4)
  2 sky beasts
  4 ogres
  4 centaurs
  3 crocodiles
  Blork the orc (D:4)
  3 big kobolds
  5 giant frogs
  A water moccasin zombie (D:7)
  A wyvern zombie (D:6)
  Dowan (D:5)
  4 scorpions
  3 wights
  12 killer bees
  A howler monkey (D:10)
  4 crimson imps
  A centaur zombie (D:9)
  Crazy Yiuf (D:3)
  2 jellies
  8 orc priests
  4 hounds
  18 orc wizards
  Natasha (D:2)
  5 giant frog skeletons
  5 worker ants
  A hound zombie (D:7)
  7 gnolls
  A howler monkey skeleton (D:5)
  10 adders
  4 shadow imps
  An adder zombie (D:6)
  An adder skeleton (D:6)
  4 worms
  2 dart slugs (D:1)
  3 giant geckos
  30 orcs
  5 giant cockroaches
  3 goblins
  6 hobgoblins
  7 jackals
  4 quokkas
  A ball python (D:1)
  8 bats
  A giant gecko skeleton (D:7)
  3 giant newts
  A jackal skeleton (D:7)
  22 kobolds
  A rat (D:2)
257 creatures vanquished.

Vanquished Creatures (others)
  A plant (D:11)
1 creature vanquished.

Grand Total: 258 creatures vanquished

Notes
Turn   | Place    | Note
--------------------------------------------------------------
     0 | D:1      | lightmor the Spriggan Enchanter began the quest for the Orb.
     0 | D:1      | Reached XP level 1. HP: 9/9 MP: 5/5
   338 | D:1      | Reached XP level 2. HP: 5/13 MP: 7/7
   533 | D:1      | Learned a level 2 spell: Ensorcelled Hibernation
   889 | D:1      | Reached skill level 5 in Stealth
  1000 | D:2      | Found a glowing golden altar of the Shining One.
  1064 | D:2      | Found a bloodstained altar of Trog.
  1147 | D:2      | Noticed Natasha
  1303 | D:2      | Reached XP level 3. HP: 16/16 MP: 2/9
  1384 | D:2      | Learned a level 3 spell: Confuse
  1384 | D:2      | Found a glowing silver altar of Zin.
  1536 | D:2      | Killed Natasha
  1536 | D:2      | Reached XP level 4. HP: 16/21 MP: 6/11
  1741 | D:2      | Found a sacrificial altar of Ru.
  1771 | D:2      | Reached skill level 6 in Stealth
  1802 | D:2      | Found a snail-covered altar of Cheibriados.
  1828 | D:2      | Found a basalt altar of Yredelemnul.
  1908 | D:3      | Noticed ThereIsNoGod's ghost (amateur GrFi)
  1923 | D:3      | Noticed an ice beast
  1951 | D:3      | Killed an ice beast
  1951 | D:3      | Reached skill level 5 in Spellcasting
  1951 | D:3      | Reached XP level 5. HP: 12/24 MP: 7/14
  1986 | D:3      | Found a sparkling altar of Nemelex Xobeh.
  2070 | D:3      | Found a glowing drain.
  2085 | Sewer    | Entered a sewer
  2212 | Sewer    | Noticed a crocodile
  2236 | Sewer    | Killed a crocodile
  2236 | Sewer    | Reached skill level 7 in Stealth
  2236 | Sewer    | Reached XP level 6. HP: 28/28 MP: 5/16
  2284 | D:3      | Learned a level 3 spell: Tukima's Dance
  2288 | D:3      | Learned a level 3 spell: Dazzling Spray
  2433 | D:3      | Found a radiant altar of Vehumet.
  2880 | D:3      | Noticed Crazy Yiuf
  2886 | D:3      | Killed Crazy Yiuf
  3015 | D:4      | Reached XP level 7. HP: 30/32 MP: 13/18
  3148 | D:4      | Reached skill level 8 in Stealth
  3228 | D:4      | Noticed Sigmund
  3230 | D:4      | Killed Sigmund
  3230 | D:4      | Reached skill level 5 in Hexes
  3242 | D:4      | Found a shattered altar of Ashenzari.
  3242 | D:4      | Noticed Blork the orc
  3249 | D:4      | Killed Blork the orc
  3351 | D:4      | Found Beuddure's Book Boutique.
  3467 | D:4      | Noticed Grinder
  3479 | D:4      | Killed Grinder
  3479 | D:4      | Reached skill level 1 in Fighting
  3479 | D:4      | Reached XP level 8. HP: 37/37 MP: 14/21
  3613 | D:5      | Entered Level 5 of the Dungeon
  3615 | D:5      | Noticed Prince Ribbit
  3622 | D:5      | Killed Prince Ribbit
  3622 | D:5      | Reached skill level 9 in Stealth
  3745 | D:5      | Found a staircase to the Ecumenical Temple.
  3762 | Temple   | Entered the Ecumenical Temple
  4374 | D:5      | Found a deep blue altar of Sif Muna.
  4405 | D:5      | Found Ymea's Weapon Shop.
  4593 | D:5      | Noticed Duvessa
  4593 | D:5      | Noticed Dowan
  4596 | D:5      | Killed Duvessa
  4606 | D:5      | Killed Dowan
  4702 | D:6      | Learned a level 2 spell: Repel Missiles
  4706 | D:6      | Learned a level 2 spell: Swiftness
  4764 | D:6      | Found a blossoming altar of Fedhas.
  4869 | D:6      | Found a burning altar of Makhleb.
  5117 | D:6      | Found an opulent altar of Gozag.
  5154 | D:6      | Became a worshipper of Gozag Ym Sagoz the Greedy
  5183 | D:6      | Reached skill level 5 in Dodging
  5183 | D:6      | Reached skill level 1 in Charms
  5861 | D:7      | Reached skill level 10 in Stealth
  5861 | D:7      | Reached XP level 9. HP: 39/43 MP: 15/22
  7341 | D:8      | Reached skill level 11 in Stealth
  7345 | D:8      | Reached skill level 5 in Charms
  7735 | D:9      | Reached XP level 10. HP: 42/50 MP: 13/23
  8051 | D:9      | Noticed Erica
  8070 | D:9      | Killed Erica
  8070 | D:9      | Reached skill level 10 in Hexes
  8291 | D:10     | Entered Level 10 of the Dungeon
  8437 | D:10     | Noticed a hill giant
  8469 | D:10     | Noticed Psyche
  8483 | D:10     | Noticed Maurice
  8492 | D:10     | Killed Maurice
  8581 | D:10     | Noticed Harold
  8937 | D:10     | Noticed Joseph
  8964 | D:10     | Found Nudul's Book Shop.
  8964 | D:10     | Noticed an unseen horror
  8968 | D:10     | Reached skill level 12 in Stealth
  8970 | D:10     | Killed an unseen horror
  9005 | D:10     | Bought a book of Minor Magic for 240 gold pieces
  9008 | D:10     | Learned a level 2 spell: Blink
  9008 | D:10     | Bought a book of Party Tricks for 600 gold pieces
  9015 | D:10     | Learned a level 6 spell: Invisibility
  9061 | D:10     | Reached skill level 5 in Fighting
  9078 | D:10     | Killed Psyche
  9078 | D:10     | Reached skill level 1 in Translocations
  9091 | D:10     | Killed Joseph
  9231 | D:10     | Reached XP level 11. HP: 42/55 MP: 17/24
  9411 | D:10     | Noticed no0bjke's ghost (journeyman GrBe)
  9596 | D:10     | Noticed an unseen horror
  9600 | D:10     | Killed an unseen horror
  9965 | D:10     | Killed a hill giant
 10355 | D:10     | Killed no0bjke's ghost
 11252 | D:11     | Found a staircase to the Lair.
 11589 | D:11     | Noticed a green ugly thing
 11598 | D:11     | Killed a green ugly thing
 11626 | D:11     | Paralysed by an orc for 6 turns
 11631 | D:11     | Slain by a yak

Skill      XL: |  1  2  3  4  5  6  7  8  9 10 11 |
---------------+----------------------------------+-----
Spellcasting   | 3 4 5 6 7 8 9 |  9.7
Stealth        | 5 6 7 8 10 11 12 | 12.9
Hexes          | 4 5 7 9 11 | 11.9
Fighting       | 1 2 4 5 |  5.8
Dodging        | 5 7 8 9 |  9.4
Charms         | 2 5 7 |  7.1
Translocations | 1 4 |  4.4
Short Blades   | 2 |  2.3

Action                   |  1- 3 |  4- 6 |  7- 9 | 10-12 || total
-------------------------+-------+-------+-------+-------++-------
Melee: Dagger            |    67 |    89 |   285 |   263 ||   704
 Cast: Ensorcelled Hiber |    11 |    15 |    68 |    81 ||   175
       Confuse           |     2 |     6 |    26 |    36 ||    70
       Dazzling Spray    |       |       |    12 |     9 ||    21
       Repel Missiles    |       |       |     1 |       ||     1
       Tukima's Dance    |       |       |       |     3 ||     3
       Blink             |       |       |       |     1 ||     1
Evoke: Wand              |       |     2 |       |       ||     2
  Use: Scroll            |     2 |     6 |     6 |     2 ||    16
 Stab: Sleeping          |    10 |    22 |    67 |    68 ||   167
       Confused          |     3 |     8 |    18 |    29 ||    58
       Distracted        |       |     1 |     3 |     4 ||     8
       Invisible         |       |       |       |     2 ||     2
  Eat: Bread ration      |       |     1 |       |     1 ||     2
Armor: Robe              |     7 |    19 |    20 |    20 ||    66
Dodge: Dodged            |    55 |    57 |   246 |   231 ||   589
       Deflected         |       |       |     4 |     1 ||     5
